AoeStats
← Erickinio

Arabia

503528109Analyzed
1v1 RM · 1mo ago on Sep 1, 2026· 62m 26s· 2 players
Game mode
Random Map
Map size
Tiny (2 player)
Population
200
Speed
Normal
Resources
Standard
Victory
Conquest
Starting age
Dark Age
Ending age
Imperial Age
RankedLock teamsTeams togetherTeam positionsShared explorationLock speedFull tech treeHidden civsTurbo modeCheats
Victory
Defeat
🇦🇷 Celts · Argentina
817
+15
🇺🇸 Lithuanians · United States
800
-15
arslan_osa
3:03 Loom
10:51 Feudal Age
11:25 Double-Bit Axe
11:23 Horse Collar
13:11 Town Watch
14:47 Wheelbarrow
17:27 Fletching
23:37 Castle Age
22:01 Scale Barding Armor
22:37 Forging
23:27 Bloodlines
24:27 Husbandry
27:48 Stone Mining
27:49 Gold Mining
28:49 Hand Cart
35:35 Chain Barding Armor
35:52 Iron Casting
38:06 Imperial Age
36:51 Bow Saw
39:11 Conscription
39:09 Masonry
39:05 Cavalier
39:31 Elite Skirmisher
45:18 Plate Barding Armor
44:42 Paladin
47:32 Two-Man Saw
46:35 Heavy Plow
47:29 Thumb Ring
49:00 Chemistry
48:21 Ballistics
48:33 Architecture
49:50 Tower Shields
51:12 Padded Archer Armor
51:07 Bodkin Arrow
55:56 Crossbowman
58:44 Light Cavalry
Erickinio
3:39 Loom
11:21 Feudal Age
12:16 Double-Bit Axe
18:19 Man-at-Arms
23:52 Castle Age
23:20 Scale Mail Armor
29:59 Gambesons
32:26 Forging
34:34 Gold Mining
35:42 Iron Casting
35:16 Pikeman
37:36 Wheelbarrow
37:28 Horse Collar
37:54 Stone Mining
38:09 Murder Holes
39:45 Stronghold
41:03 Treadmill Crane
41:36 Masonry
41:31 Heavy Plow
45:43 Imperial Age
43:37 Chain Mail Armor
47:03 Plate Mail Armor
47:33 Blast Furnace
47:43 Hand Cart
47:20 Halberdier
48:35 Conscription
48:55 Town Watch
49:17 Onager
51:23 Gold Shaft Mining
51:23 Stone Shaft Mining
50:53 Arson
52:20 Furor Celtica
52:49 Fletching
53:00 Padded Archer Armor
55:10 Chemistry
54:16 Siege Engineers
57:45 Ballistics
58:35 Elite Skirmisher
59:14 Siege Onager
60:14 Fletching
Connection lost

Rejoining the realm…

Still unreachable

The connection could not be restored.

Session expired

The server has moved on; the page needs a fresh start.